 Dungeon Crawl Stone Soup version 0.27.1 (webtiles) character file.

Game seed: 15369066992718296759

6986 Destapler the Basher (level 10, -5/124 HPs)
             Began as a Pale Draconian Conjurer on Aug 29, 2021.
             Was an Elder of Trog.
             Slain by a troll (9 damage)
             ... on level 10 of the Dungeon.
             The game lasted 00:34:54 (10113 turns).

Destapler the Basher (Pale Draconian Conjurer)     Turns: 10113, Time: 00:34:55

Health: -5/124     AC: 13    Str: 15    XL:     10   Next: 81%
Magic:  4/4        EV: 13    Int: 24    God:    Trog [****..]
Gold:   668        SH:  0    Dex:  9    Spells: 13/13 levels left

rFire    . . .     SeeInvis .   a - +5 dire flail of Mayhem {antimagic, rC+ Str+3 Int+4}
rCold    + . .     Faith    .   (shield currently unavailable)
rNeg     . . .     Spirit   .   (armour unavailable)
rPois    .         Reflect  .   H - +2 hat {Will+}
rElec    .         Harm     .   G - +0 cloak
rCorr    .         Rampage  .   c - +1 pair of gloves
Will     +....                  v - +0 pair of boots
Stlth    ..........             (no amulet)
HPRegen  0.30/turn              (no ring)
MPRegen  0.09/turn              (no ring)

@: berserking (expiring), very quick
A: breathe steam, AC +7, unfitting armour, cold-blooded, steam resistance
a: Breathe Steam, Renounce Religion, Berserk, Trog's Hand, Brothers in Arms


You were on level 10 of the Dungeon.
You worshipped Trog.
Trog was greatly pleased with you.
You visited 1 branch of the dungeon, and saw 10 of its levels.
You also visited: Sewer.

You collected 668 gold pieces.

Inventory:

Hand Weapons
 a - the +5 dire flail of Mayhem (weapon) {antimagic, rC+ Str+3 Int+4}
   (You found it on level 5 of the Dungeon)

   It reduces the magical energy of the wielder, and disrupts the spells and
   magical abilities of those it strikes.
   Natural abilities and divine invocations are not affected.
   Str:       It affects your strength (+3).
   Int:       It affects your intelligence (+4).
   rC:        It protects you from cold.
 j - a +3 flail of protection
Missiles
 h - a throwing net
 i - 29 poisoned darts (quivered)
 u - 6 javelins
 O - 3 boomerangs
Armour
 c - a +1 pair of gloves (worn)
 d - a +0 kite shield of protection
 n - the +4 scale mail of Distant Worlds {Harm rPois rF- MP+9}
   (You found it on level 4 of the Dungeon)

   rF:        It makes you vulnerable to fire.
   rPois:     It protects you from poison.
   MP:        It affects your magic capacity (+9).
   Harm:      It increases damage dealt and taken.
 v - a +0 pair of boots (worn)
 G - a +0 cloak (worn)
 H - a +2 hat of willpower (worn)
Jewellery
 l - a ring of resist corrosion
 L - an amulet of magic regeneration
 N - a ring of protection from fire
Wands
 f - a wand of iceblast (13)
 p - a wand of flame (52)
 C - a wand of charming (8)
 D - a wand of acid (6)
 F - a wand of mindburst (3)
 K - a wand of paralysis (10)
Scrolls
 b - 3 scrolls of fear
 s - a scroll of brand weapon {unknown}
 t - 2 scrolls of enchant weapon
 x - 7 scrolls of identify
 y - 3 scrolls of teleportation {unknown}
 A - 4 scrolls of vulnerability {unknown}
 I - a scroll of fog {unknown}
 M - a scroll of blinking {unknown}
Potions
 e - 4 potions of flight {unknown}
 g - a potion of degeneration {unknown}
 k - 4 potions of heal wounds {unknown}
 m - 3 potions of mutation {unknown}
 o - a potion of experience {unknown}
 q - 3 potions of might {unknown}
 r - a potion of haste {unknown}
 w - 8 potions of curing
 z - a potion of lignification {unknown}
 B - 2 potions of brilliance {unknown}
 E - a potion of resistance {unknown}
 J - 2 potions of invisibility {unknown}


   Skills:
 - Level 6.0 Fighting
 * Level 10.8 Maces & Flails
 - Level 6.0 Throwing
 - Level 6.0 Dodging
 - Level 2.2 Stealth
 - Level 6.0 Shields
 - Level 2.4 Spellcasting
 - Level 4.2 Conjurations


You had 13 spell levels left.
You didn't know any spells.
Your spell library contained the following spells:

 Spells                   Type           Power      Damage    Failure   Level
 Magic Dart               Conj           92%        1d7       1%          1
 Searing Ray              Conj           46%        3d4       3%          2
 Corona                   Hex            2%         N/A       12%         1
 Summon Small Mammal      Summ           8%         N/A       12%         1
 Dazzling Flash           Conj/Hex       26%        N/A       14%         3
 Stone Arrow              Conj/Erth      26%        3d8       14%         3
 Ensorcelled Hibernation  Hex/Ice        4%         N/A       17%         2
 Call Canine Familiar     Summ           2%         N/A       34%         3
 Summon Guardian Golem    Hex/Summ       2%         N/A       34%         3
 Tukima's Dance           Hex            2%         N/A       34%         3
 Fulminant Prism          Conj/Hex       6%         3d7       43%         4
 Iskenderun's Mystic Bla  Conj/Tloc      13%        2d5       43%         4
 Airstrike                Air            1%         N/A       75%         4
 Summon Lightning Spire   Summ/Air       2%         N/A       75%         4
 Fireball                 Conj/Fire      6%         3d5       80%         5
 Starburst                Conj/Fire      6%         6d4       100%        6
 Ignition                 Fire           1%         3d3       100%        8
 Fire Storm               Conj/Fire      6%         8d2       100%        9


Dungeon Overview and Level Annotations

Branches:
Dungeon (10/15)            Temple (0/1) D:4             Orc (0/2) D:10
  Sewer (visited)
   Lair: D:8-11

Altars:
Cheibriados
Gozag
Makhleb
Nemelex Xobeh
Trog
Uskayaw
Vehumet
Yredelemnul
Zin
Beogh

Shops:
D:1 (

Annotations:
D:10 Maurice


Innate Abilities, Weirdness & Mutations

You can breathe blasts of scalding, opaque steam.
Your pale cyan-grey scales are hard. (AC +7)
You cannot fit into any form of body armour.
You are cold-blooded and may be slowed by cold attacks.
You are immune to the effects of steam.


Message History

The troll closely misses you.
You impale the gnoll!!
You kill the gnoll!
Trog accepts your kill.
You hit the orc.
The orc is almost dead.
The troll bites you.
* * * LOW HITPOINT WARNING * * *
The troll barely misses you. The troll claws you but does no damage.
The gnoll shaman barely misses you.
You barely miss the orc.
The orc is almost dead.
The gnoll hits you with a +0 whip.
* * * LOW HITPOINT WARNING * * *
The orc closely misses you.
You bludgeon Maurice!!
Maurice's magic leaks into the air.
Your tail-slap misses Maurice.
Maurice is moderately wounded.
The troll bites you but does no damage. The troll claws you.
* * * LOW HITPOINT WARNING * * *
The troll claws you.
* * * LOW HITPOINT WARNING * * *
Maurice hits you but does no damage.
The gnoll shaman hits you but does no damage.
You barely miss the orc.
The orc is almost dead.
Your skin stops crawling.
You feel less strong-willed. The gnoll closely misses you.
The orc hits you but does no damage. The troll barely misses you.
The troll claws you but does no damage. The troll closely misses you.
You barely miss the orc.
The orc is almost dead.
Maurice falters for a moment.
The gnoll shaman completely misses you. The gnoll completely misses you.
You closely miss the orc.
The orc is almost dead.
The orc hits you with a +0 hand axe.
* * * LOW HITPOINT WARNING * * *
The troll bites you!
You die...

####....# .........
........ # ##...... ##.
..####.....###....
.............#....
........o.......... ...
#.YTgg.##..... ....
#.#o@).#...#.## ..#
...#@o.........##.##
.o.........##........#
........#...##.##†....#
........#............###
............#..........#
.###############......##
.>..... #.......#
....... #......##


You could see an elephant, Maurice, a troll, a gnoll shaman, an orc priest, a
gnoll and 2 orcs.

Vanquished Creatures
  2 two-headed ogres
  Pikel (D:7)
  An orc knight (D:10)
  Joseph (D:7)
  A troll (D:9)
  A wyvern (D:10)
  2 steam dragons
  3 water moccasins
  10 orc warriors
  A black bear (D:5)
  An ice beast (D:6)
  2 sky beasts
  An ogre (D:7)
  2 lemures (D:7)
  4 centaurs
  3 bullfrogs
  A gnoll sergeant (D:9)
  A water moccasin zombie (D:6)
  2 scorpions
  4 howler monkeys
  A centaur zombie (D:8)
  3 jellies
  A hound (D:6)
  11 orc priests
  2 bullfrog skeletons
  A centaur skeleton (D:4)
  A gnoll shaman (D:7)
  Jessica (D:3)
  2 iguanas (D:6)
  5 orc wizards
  A hound skeleton (D:5)
  2 howler monkey zombies
  10 gnolls
  11 adders
  2 worms (D:3)
  4 dart slugs
  32 orcs
  4 bats
  7 endoplasms
  3 giant cockroaches
  7 goblins
  6 hobgoblins
  6 jackals
  8 quokkas
  4 ball pythons
  12 frilled lizards
  3 kobolds
  4 rats
198 creatures vanquished.

Vanquished Creatures (collateral kills)
  An acid dragon (D:10)
  A black bear (D:10)
2 creatures vanquished.

Vanquished Creatures (others)
  2 fungi (D:10)
  10 plants (D:6)
12 creatures vanquished.

Grand Total: 212 creatures vanquished

Notes
Turn   | Place    | Note
-------+----------+-------------------------------------------
     0 | D:1      | Destapler the Draconian Conjurer began the quest for the
                  | Orb.
     0 | D:1      | Reached XP level 1. HP: 14/14 MP: 3/3
   504 | D:1      | Found Orphie Cora's Weapon Emporium.
   509 | D:1      | Reached XP level 2. HP: 20/20 MP: 3/5
  1286 | D:2      | Reached XP level 3. HP: 27/27 MP: 2/6
  1289 | D:2      | Found a faded altar of an unknown god.
  1303 | D:2      | Became a worshipper of Trog the Wrathful
  1303 | D:2      | Reached * piety under Trog
  1774 | D:2      | Reached skill level 1 in Shields
  2145 | D:2      | Reached skill level 1 in Fighting
  2823 | D:3      | Reached XP level 4. HP: 32/35 MP: 7/7
  2962 | D:3      | Noticed Jessica
  2969 | D:3      | Killed Jessica
  2969 | D:3      | Reached ** piety under Trog
  3186 | D:3      | Reached skill level 1 in Throwing
  3620 | D:4      | Reached XP level 5. HP: 41/41 MP: 8/8
  3943 | D:4      | Found a glowing drain.
  3944 | D:4      | Identified the +4 scale mail of Distant Worlds {Harm rPois
                  | rF- MP+9}
  3964 | Sewer    | Entered a sewer
  4469 | D:4      | Noticed an orc warrior
  4479 | D:4      | Reached XP level 6. HP: 50/50 MP: 9/9
  4480 | D:4      | Killed an orc warrior
  4648 | D:4      | Found a staircase to the Ecumenical Temple.
  4766 | D:5      | Entered Level 5 of the Dungeon
  4809 | D:5      | Identified the +5 dire flail of Mayhem {antimagic, rC+
                  | Str+3 Int+4}
  4812 | D:5      | Found a burning altar of Makhleb.
  5095 | D:5      | Found a hide-covered altar of Uskayaw.
  5135 | D:5      | Found a glowing silver altar of Zin.
  5218 | D:5      | Reached skill level 1 in Maces & Flails
  5218 | D:5      | Your scales start taking on a pale cyan-grey colour.
  5218 | D:5      | Reached XP level 7. HP: 57/57 MP: 3/10
  5218 | D:5      | Gained mutation: You are immune to the effects of steam.
                  | [Pale Draconian growth]
  5272 | D:5      | Found a radiant altar of Vehumet.
  5639 | D:6      | Reached skill level 2 in Maces & Flails
  5676 | D:6      | Reached *** piety under Trog
  5949 | D:6      | Reached skill level 5 in Shields
  5955 | D:6      | Reached XP level 8. HP: 39/66 MP: 3/11
  6126 | D:6      | Reached skill level 3 in Maces & Flails
  6217 | D:6      | Found a sparkling altar of Nemelex Xobeh.
  6303 | D:6      | Found a basalt altar of Yredelemnul.
  6640 | D:7      | Reached skill level 4 in Maces & Flails
  6758 | D:7      | Found a snail-covered altar of Cheibriados.
  6763 | D:7      | Got the Handbook of Excruciating Feathers
  6889 | D:7      | Noticed Pikel
  6908 | D:7      | Killed Pikel
  6909 | D:7      | Reached skill level 5 in Maces & Flails
  6909 | D:7      | Reached XP level 9. HP: 59/73 MP: 4/12
  7064 | D:7      | Noticed Joseph
  7073 | D:7      | Killed Joseph
  7074 | D:7      | Reached skill level 5 in Fighting
  7074 | D:7      | Reached skill level 5 in Dodging
  7164 | D:7      | Reached skill level 6 in Maces & Flails
  7239 | D:7      | Identified 2 scrolls of acquirement
  7239 | D:7      | Acquired a +2 hat of willpower
  7245 | D:7      | Acquired a +0 kite shield of protection
  7502 | D:8      | Noticed a two-headed ogre
  7509 | D:8      | Killed a two-headed ogre
  7510 | D:8      | Reached skill level 7 in Maces & Flails
  7742 | D:8      | Reached skill level 5 in Throwing
  7745 | D:8      | Reached **** piety under Trog
  7935 | D:8      | Found an opulent altar of Gozag.
  8559 | D:8      | Reached XP level 10. HP: 83/83 MP: 4/13
  9297 | D:9      | Reached skill level 8 in Maces & Flails
  9728 | D:9      | Noticed a two-headed ogre
  9745 | D:9      | Killed a two-headed ogre
  9809 | D:10     | Entered Level 10 of the Dungeon
  9815 | D:10     | Reached skill level 9 in Maces & Flails
  9832 | D:10     | Found a staircase to the Orcish Mines.
  9964 | D:10     | Noticed an orc knight
  9979 | D:10     | Killed an orc knight
  9980 | D:10     | Reached skill level 10 in Maces & Flails
 10093 | D:10     | Noticed Maurice
 10099 | D:10     | Noticed an elephant
 10113 | D:10     | HP: 4/124 [orc (4)]
 10113 | D:10     | Slain by a troll

Illustrated notes

Levels and vault maps discovered:
D:1:      roderic_octagonal_star, layout_basic, serial_shops, shop
D:2:      layout_loops_corners, hellmonk_ecumenical_altar_pennies_from_heaven,
          minmay_puff
D:3:      layout_loops_corners, uniq_jessica
D:4:      layout_cave_pools, minmay_temple_entry_glassed_door,
          portal_sewer_entry_f, serial_column_ruins, column_ruins_pillar_6,
          column_ruins_pillar_6, column_ruins_pillar_3, column_ruins_pillar_4,
          column_ruins_pillar_2, column_ruins_pillar_1, column_ruins_pillar_1,
          column_ruins_pillar_2, column_ruins_pillar_5, column_ruins_pillar_1,
          column_ruins_pillar_7
D:5:      layout_rooms, mainiacjoe_overflow_24_doors, lemuel_tele_altar,
          mainiacjoe_overflow_catwalk_spiral
D:6:      layout_basic, amcnicky_altar_gilded, nemelex_spade_bored_becter,
          minmay_misc_feat_doors, serial_bayou_lake_a
D:7:      layout_basic, kennysheep_slug_shrine, uniq_joseph, uniq_pikel
D:8:      layout_layer_cave, mainiacjoe_overflow_boulevard
D:9:      layout_irregular_city
D:10:     layout_cave_pools, david_lair_generic, david_orc_5,
          nicolae_transmutations_shop, uniq_maurice

Skill      XL: |  1  2  3  4  5  6  7  8  9 10 |
---------------+-------------------------------+-----
Stealth        | 2 |  2.2
Dodging        | 2 3 4 5 6 |  6.0
Shields        | 1 2 3 4 5 6 |  6.0
Fighting       | 1 2 3 4 6 |  6.0
Throwing       | 1 2 3 5 6 |  6.0
Maces & Flails | 1 2 5 7 10 | 10.8
Spellcasting   | |  2.4
Conjurations   | |  4.2

Action                   |  1- 3 |  4- 6 |  7- 9 | 10-12 || total
-------------------------+-------+-------+-------+-------++-------
Melee: Unarmed           |    15 |       |       |       ||    15
       Tailslap          |    13 |    16 |    12 |    13 ||    54
       Dagger            |    92 |       |       |       ||    92
       Short sword       |     4 |       |       |       ||     4
       Flail             |    16 |   163 |       |       ||   179
       Dire flail        |       |    43 |   118 |   111 ||   272
Throw: Dart              |       |     8 |    14 |    12 ||    34
       Javelin           |       |       |     2 |       ||     2
 Cast: Magic Dart        |    38 |       |       |       ||    38
Invok: Berserk           |     2 |     6 |     4 |     6 ||    18
       Trog's Hand       |       |     1 |     2 |     4 ||     7
       Brothers in Arms  |       |       |       |     1 ||     1
 Abil: Breathe Steam     |       |       |    24 |    11 ||    35
  Use: Scroll            |       |     7 |     2 |       ||     9
 Stab: Sleeping          |     4 |     1 |     6 |       ||    11
       Distracted        |     1 |       |       |       ||     1
Armor: Skin              |    30 |   112 |    45 |    46 ||   233
Dodge: Dodged            |    81 |   183 |    55 |    83 ||   402
